 Dungeon Crawl Stone Soup version 0.31-a0-662-g684573625c (webtiles) character file.

Game seed: 17174492705885471492

397 Dordric the Sneak (level 6, -8/42 HPs)
             Began as an Octopode Shapeshifter on Aug 31, 2023.
             Mangled by a gnoll
             ... wielding a +0 halberd
              (14 damage)
             ... on level 4 of the Dungeon.
             The game lasted 00:03:08 (3146 turns).

Dordric the Sneak (Octopode Shapeshifter)           Turns: 3146, Time: 00:03:09

Health: -8/42      AC:  1    Str: 13    XL:     6   Next: 83%
Magic:  6/6        EV: 13    Int: 13    God:
Gold:   254        SH:  0    Dex: 13    Spells: 5/5 levels left

rFire   . . .        p - +10 short sword "Xalanwoa" {protect, rPois SInv}
rCold   . . .        (no shield)
rNeg    . . .        (helmet currently unavailable)
rPois   +            (no amulet)
rElec   .            (no ring)
rCorr   .            (no ring)
SInv    +            (no ring)
Will    .....        (no ring)
Stlth   ++++         (no ring)
HPRegen 0.27/turn    (no ring)
MPRegen 0.10/turn    (no ring)
                     (no ring)

%: no passive effects
@: beast-form
A: beast (slay +2), almost no armour, amphibious, 8 rings, camouflage 1,
gelatinous body 1, (nimble swimmer 1), tentacles
a: Begin Untransformation


You were on level 4 of the Dungeon.
You were a hulking beast.
You visited 1 branch of the dungeon, and saw 4 of its levels.

You collected 254 gold pieces.

Inventory:

Hand Weapons
 p - the +10 short sword "Xalanwoa" (weapon) {protect, rPois SInv}
   (You took it off a goblin on level 2 of the Dungeon)

   rPois:     It protects you from poison SInv: It lets you see invisible.
Missiles
 j - a throwing net
Jewellery
 o - a ring of see invisible
Talismans
 b - a beast talisman (active)
 c - a flux talisman
Scrolls
 d - 2 scrolls of torment {unknown}
 e - a scroll of amnesia {unknown}
 k - 4 scrolls of enchant armour {unknown}
 m - 2 scrolls of revelation {unknown}
 r - 2 scrolls of identify {unknown}
 t - a scroll of fog {unknown}
 u - a scroll of fear {unknown}
Potions
 a - a potion of lignification
 f - a potion of berserk rage {unknown}
 g - 2 potions of degeneration {unknown}
 h - a potion of might {unknown}
 i - 8 potions of curing {unknown}
 l - 2 potions of mutation {unknown}
 n - a potion of resistance {unknown}
 q - a potion of brilliance {unknown}
 s - 3 potions of cancellation {unknown}
 v - a potion of heal wounds {unknown}
 w - a potion of invisibility {unknown}
 x - a potion of enlightenment {unknown}
 z - a potion of magic {unknown}


   Skills:
 + Level 3.3 Fighting
 + Level 3.0 Short Blades
 - Level 2.0 Dodging
 + Level 4.5 Stealth
 - Level 3.0 Unarmed Combat
 - Level 4.3 Shapeshifting


You had 5 spell levels left.
You didn't know any spells.
Your spell library contained the following spells:

 Spells                   Type           Power      Damage    Failure   Level
 Inner Flame              Hex/Fire       0%         N/A       67%         3
 Yara's Violent Unravell  Hex/Tmut       0%         3d3       100%        5
 Enfeeble                 Hex            0%         N/A       100%        7


Dungeon Overview and Level Annotations

Branches:
Dungeon (4/15)
 Temple: D:4-7

Altars:
Ru
Xom
Yredelemnul

Shops:
D:2 =:


Innate Abilities, Weirdness & Mutations

You are a hulking beast.
Your limbs bulge with bestial killing power. (Slay +2)
You cannot wear most types of armour.
You are amphibious.
You can wear up to eight rings at the same time.
Your skin changes colour to match your surroundings (Stealth+).
Your rubbery body absorbs attacks. (AC +1, EV +1)
((You are camouflaged when in or above water. (Stealth+)))
You have tentacles for arms and can constrict up to eight enemies at once.


Message History

z - a yellow potion You now have 254 gold pieces (gained 16).
A gnoll comes into view. It is wielding a +0 club.
A gnoll is nearby!
A gnoll is nearby!
A gnoll is nearby!
A gnoll comes into view. It is wielding a +0 halberd.
The gnoll shouts! x2
A gnoll comes into view. It is wielding a +0 spear.
You barely miss the gnoll. Your grab misses the gnoll.
You barely miss the gnoll. Your grab misses the gnoll.
The gnoll hits you with a +0 club.
You closely miss the gnoll. Your grab misses the gnoll.
The gnoll hits you with a +0 club.
You barely miss the gnoll. Your grab misses the gnoll. You squeeze the gnoll!
The gnoll is severely wounded.
The gnoll hits you with a +0 club.
You puncture the gnoll!
Your weapon exudes an aura of protection.
You kill the gnoll!
The gnoll hits you from afar with a +0 spear.
The gnoll hits you but does no damage.
You see here a +0 club.
You closely miss the gnoll. You grab the gnoll. You squeeze the gnoll!
The gnoll is heavily wounded.
You constrict the gnoll, but do no damage.
The gnoll hits you from afar with a +0 halberd!
The gnoll hits you with a +0 spear.
There are monsters nearby!
There are monsters nearby!
You are too injured to fight recklessly!
You release your grip on the gnoll.
The gnoll hits you from afar with a +0 spear!
* * * LOW HITPOINT WARNING * * *
The gnoll attacks as it pursues you!
The gnoll hits you from afar with a +0 spear.
* * * LOW HITPOINT WARNING * * *
The gnoll attacks as it pursues you!
The gnoll hits you from afar with a +0 halberd!
You die...

..#.#. ##.#. .#
....#. ...###.#
....#.## #.#.#.## #
.......###.#....##.#
.............#....#
#.....)g.....####
#.....#.##.#.##
#.............#
#......g.h....#
#.....#.##.#..#
#.....#)##.#..#
##.#.#...##.#..#
............#..#
.............##..#
####.#...))......#
#.#...).).##.##
#.###...####.#


You could see 2 gnolls.

Vanquished Creatures
  An ogre (D:4)
  2 scorpions (D:4)
  An orc wizard (D:4)
  An iguana (D:4)
  4 adders
  A gnoll (D:4)
  A shadow imp (D:4)
  A worm (D:2)
  4 dart slugs
  7 orcs
  8 ball pythons
  6 endoplasms
  10 goblins
  8 hobgoblins
  2 jackals (D:4)
  3 quokkas
  6 bats
  4 frilled lizards
  6 kobolds
  3 rats
79 creatures vanquished.

Notes
Turn   | Place    | Note
-------+----------+-------------------------------------------
     0 | D:1      | Dordric the Octopode Shapeshifter began the quest for the
                  | Orb.
     0 | D:1      | Reached XP level 1. HP: 13/13 MP: 1/1
   285 | D:1      | Reached XP level 2. HP: 8/18 MP: 2/2
   950 | D:2      | Found Leem's Jewellery Boutique.
  1074 | D:2      | Reached XP level 3. HP: 13/23 MP: 3/3
  1358 | D:2      | Identified the +10 short sword "Xalanwoa" {protect, rPois
                  | SInv}
  1434 | D:2      | Reached XP level 4. HP: 19/28 MP: 4/4
  1443 | D:2      | Reached skill level 1 in Stealth
  1560 | D:2      | Found Bymisch's Book Emporium.
  2321 | D:3      | Reached skill level 1 in Short Blades
  2730 | D:4      | Noticed a scorpion
  2731 | D:4      | Reached XP level 5. HP: 29/34 MP: 5/5
  2818 | D:4      | Reached XP level 6. HP: 41/41 MP: 6/6
  2979 | D:4      | Found a basalt altar of Yredelemnul.
  2980 | D:4      | Found a shimmering altar of Xom.
  2981 | D:4      | Found a sacrificial altar of Ru.
  3146 | D:4      | Mangled by a gnoll

Illustrated notes

Levels and vault maps discovered:
D:1:      arrival_zaba_pyramid, layout_loops_ring, chequers_mini_garden,
          minmay_pentomino_p2
D:2:      layout_basic, serial_rivers, chequers_serial_rivers_small_3,
          chequers_serial_rivers_marsh, chequers_serial_rivers_micro_a,
          chequers_serial_rivers_room_a, serial_shops,
          nicolae_shop_gaudy_bauble, shop, minmay_randomly_rotated_circles
D:3:      layout_loops_ring, grunt_ministairs_3
D:4:      layout_loops_ring, chequers_temple_overflow_statue_of_worship,
          minmay_circle_x

Skill      XL: |  1  2  3  4  5  6 |
---------------+-------------------+-----
Shapeshifting  | 4 |  4.3
Stealth        | 2 3 4 |  4.5
Short Blades   | 1 2 3 |  3.0
Fighting       | 2 3 |  3.3
Dodging        | |  2.0
Unarmed Combat | |  3.0

Action                     |  1- 3 |  4- 6 || total
---------------------------+-------+-------++-------
  Melee: Unarmed           |    58 |       ||    58
         Constrict         |    20 |    14 ||    34
         Tentacles         |    16 |    14 ||    30
         Short sword       |     6 |    83 ||    89
         Punch             |       |     1 ||     1
   Stab: Distracted        |     1 |       ||     1
         Sleeping          |       |    10 ||    10
 Armour: Skin              |    40 |    40 ||    80
  Dodge: Dodged            |    35 |    35 ||    70
   Form: Flux              |     1 |       ||     1
         Beast             |     1 |       ||     1

Table legend: (Time is in decaauts)
 A = Elapsed time spent in this place.
 B = Non-inter-level travel time spent in this place.
 C = Inter-level travel time spent in this place.
 D = Time resting spent in this place.
 E = Time spent auto-exploring this place.
 F = Levels seen in this place.
 G = Mean time per level.
                   A        B        C        D        E       F      G
               +--------+--------+--------+--------+--------+-----+--------+
         Total |   3135 |   3031 |    104 |     23 |   2543 |   4 |  783.8 |
       Dungeon |   3135 |   3031 |    104 |     23 |   2543 |   4 |  783.8 |
               +--------+--------+--------+--------+--------+-----+--------+

Top non-repeatable levels by time:
     D:2: 1151 daAuts
     D:1: 845 daAuts
     D:3: 720 daAuts
     D:4: 417 daAuts
